 Dungeon Sprint DCSS version 0.27.1-1-g398f81649c (webtiles) character file.

Game seed: 4019143512714724608

84 boopmooplesden the Shield-Bearer (level 4, -8/44 HPs)
             Began as a Minotaur Fighter on Sept 15, 2021.
             Was a Follower of Okawaru.
             Mangled by an ogre (16 damage)
             ... in the Dungeon (Sprint VII: "The Pits").
             The game lasted 00:01:15 (358 turns).

boopmooplesden the Shield-Bearer (Minotaur Fighter)  Turns: 358, Time: 00:01:15

Health: -8/44      AC: 13    Str: 21    XL:     4   Next: 24%
Magic:  3/3        EV:  6    Int:  5    God:    Okawaru [*.....]
Gold:   0          SH: 10    Dex: 10    Spells: 3/3 levels left

rFire    . . .     SeeInvis .   o - +1 long sword (holy)
rCold    . . .     Faith    .   c - +0 kite shield
rNeg     . . .     Spirit   .   p - +3 chain mail
rPois    .         Reflect  .   (helmet restricted)
rElec    .         Harm     .   (no cloak)
rCorr    .         Rampage  .   (no gloves)
Will     .....     NoTele   +   (no boots)
Stlth    ..........             (no amulet)
HPRegen  0.14/turn              (no ring)
MPRegen  0.08/turn              (no ring)

@: no status effects
A: horns 2, retaliatory headbutt
a: Renounce Religion, Heroism


You were in the Dungeon.
You worshipped Okawaru.
Okawaru was aware of your devotion.
You visited 1 branch

Inventory:

Hand Weapons
 a - a +0 long sword
 k - a +2 falchion
 o - a +1 long sword of holy wrath (weapon)
Armour
 b - a +0 scale mail
 c - a +0 kite shield (worn)
 p - a +3 chain mail (worn)
Scrolls
 j - a scroll of blinking
 m - 5 scrolls of amnesia
 n - a scroll of summoning
Potions
 d - a potion of might
 e - 6 potions of curing
 f - 6 potions of heal wounds
 g - a potion of haste
 h - 4 potions of magic
 i - 3 potions of berserk rage
 l - 2 potions of invisibility


   Skills:
 + Level 5.7 Fighting
 + Level 5.4 Long Blades
 + Level 5.9 Armour
 + Level 1.1 Dodging
 + Level 6.7 Shields


You had 3 spell levels left.
You didn't know any spells.
Your spell library was empty.

Dungeon Overview and Level Annotations

Branches:
Dungeon (1/1)

Altars:
Ashenzari
Cheibriados
Dithmenos
Elyvilon
Fedhas
Gozag
Hepliaklqana
Kikubaaqudgha
Makhleb
Nemelex Xobeh
Okawaru
Qazlal
Ru
Sif Muna
Trog
Uskayaw
Vehumet
Wu Jian
Xom
Yredelemnul
Zin
The Shining One
Beogh
Jiyva
Lugonu


Innate Abilities, Weirdness & Mutations

You have a pair of horns on your head.
You reflexively headbutt those who attack you in melee.


Message History

You headbutt the orc priest, but do no damage.
The orc priest is severely wounded.
You block the phantom's attack. You block the orc priest's attack.
You slash the orc priest!
You kill the orc priest!
Okawaru is honoured by your kill.
The phantom hits you but does no damage. x2
Your Long Blades skill increases to level 4!
Your Shields skill increases to level 6!
You have reached level 3!
Your experience leads to an increase in your attributes!
Increase (S)trength, (I)ntelligence, or (D)exterity?
You feel stronger.
You slash the orc priest!
The orc priest is heavily wounded.
You block the orc priest's attack.
The phantom hits you but does no damage.
The orc priest hits you but does no damage.
You slash the orc priest!
You kill the orc priest!
Okawaru accepts your kill.
You can now gain great but temporary skills.
You block the phantom's attack. The orc hits you but does no damage.
The phantom hits you.
Your Long Blades skill increases to level 5!
Your Dodging skill increases to level 1!
You have reached level 4!
You feel agile.
You slash the orc!
You kill the orc!
Okawaru accepts your kill.
You hit the ogre but do no damage. The ogre hits you with a +0 giant club!
* * * LOW HITPOINT WARNING * * *
You slash the ogre! You headbutt the ogre.
The ogre is heavily wounded.
The ogre hits you but does no damage.
You hit the ogre. Your headbutt misses the ogre.
The ogre is severely wounded.
The ogre hits you with a +0 giant club!
You die...

#...........'.....
#'#####'#####.....
#.#..#..#÷.##.....
#.#..)..'..#####'#
#.##'####'###.....
#.#....†)..##.....
#.#........##.....
#.#####'#####...<.
#@#..[)))..##.....
#O#....))..##.....
#W###########.....
#hh.....# ######
#...#...# #...# .#
#.##.# #.. #.. #..
...


You could see a phantom, an ogre and 2 jackals.

Vanquished Creatures
  2 orc priests (D)
  An adder skeleton (D)
  A worm (D)
  An orc (D)
  A bat skeleton (D)
  An endoplasm (D)
  A goblin (D)
  A hobgoblin (D)
  5 jackals (D)
  A kobold (D)
  A quokka (D)
  2 bats (D)
  A quokka zombie (D)
19 creatures vanquished.

Notes
Turn   | Place    | Note
-------+----------+-------------------------------------------
     0 | D        | boopmooplesden the Minotaur Fighter began the quest for the
                  | Orb.
     0 | D        | Reached XP level 1. HP: 19/19 MP: 0/0
    17 | D        | Found a bloodstained altar of Trog.
    17 | D        | Found a shimmering blue altar of Sif Muna.
    17 | D        | Found a viscous altar of Jiyva.
    17 | D        | Found a hazy altar of Hepliaklqana.
    17 | D        | Found an opulent altar of Gozag.
    18 | D        | Found a glowing golden altar of the Shining One.
    18 | D        | Found a glowing silver altar of Zin.
    18 | D        | Found a basalt altar of Yredelemnul.
    18 | D        | Found a shimmering altar of Xom.
    18 | D        | Found an ornate altar of the Wu Jian Council.
    18 | D        | Found a sacrificial altar of Ru.
    18 | D        | Found a stormy altar of Qazlal.
    18 | D        | Found an iron altar of Okawaru.
    18 | D        | Found a sparkling altar of Nemelex Xobeh.
    18 | D        | Found a burning altar of Makhleb.
    18 | D        | Found a blossoming altar of Fedhas.
    18 | D        | Found a white marble altar of Elyvilon.
    18 | D        | Found a shadowy altar of Dithmenos.
    18 | D        | Found a snail-covered altar of Cheibriados.
    19 | D        | Found a radiant altar of Vehumet.
    19 | D        | Found a corrupted altar of Lugonu.
    20 | D        | Found an ancient bone altar of Kikubaaqudgha.
    20 | D        | Found a hide-covered altar of Uskayaw.
    20 | D        | Found a broken altar of Ashenzari.
    24 | D        | Became a worshipper of Warmaster Okawaru
    68 | D        | Reached skill level 4 in Shields
    79 | D        | Reached XP level 2. HP: 22/28 MP: 1/1
    86 | D        | Reached skill level 5 in Shields
   334 | D        | Noticed an ogre
   334 | D        | Noticed a phantom
   343 | D        | Reached skill level 5 in Fighting
   343 | D        | Reached skill level 5 in Armour
   351 | D        | Reached skill level 6 in Shields
   351 | D        | Reached XP level 3. HP: 15/36 MP: 2/2
   352 | D        | Reached * piety under Okawaru
   353 | D        | Reached skill level 5 in Long Blades
   353 | D        | Reached skill level 1 in Dodging
   353 | D        | Reached XP level 4. HP: 18/44 MP: 3/3
   358 | D        | Mangled by an ogre

Illustrated notes

Levels and vault maps discovered:
D:        pitsprint [storerooms_1, entrance_room_1, metal_vault_8, armoury_1,
          mini_pit_1, grid_room_1, main_hall_1, silver_pit, the_coven_1,
          the_vestibule_1, steel_vault_2, golden_pit, hallway_of_sentries,
          crystal_vault_5, iron_vault_3, final_vault]

Skill      XL: |  1  2  3 |
---------------+----------+-----
Fighting       | 4 5 |  5.7
Armour         | 4 5 |  5.9
Shields        | 4 6 |  6.7
Long Blades    | 4 5 |  5.4
Dodging        | 1 |  1.1

Action                   |  1- 3 |  4- 6 || total
-------------------------+-------+-------++-------
Melee: Falchion          |    27 |       ||    27
       Long sword        |    19 |     4 ||    23
       Headbutt          |     7 |     1 ||     8
Armor: Scale mail        |    12 |       ||    12
       Chain mail        |    23 |     1 ||    24
Dodge: Dodged            |    21 |       ||    21
Block: Kite shield       |    47 |       ||    47
       Rpst.: Falchion   |     5 |       ||     5
       Long sword        |     1 |       ||     1
